 Dungeon Crawl Stone Soup version 0.28-a0-823-gb444dcf96d (webtiles) character file.

Game seed: 3599533163605298531

0 meatgazer the Skirmisher (level 1, -15/18 HPs)
             Began as a Demonspawn Abyssal Knight on Nov 9, 2021.
             Was a Follower of Lugonu.
             Killed from afar by a wretched star (24 damage)
             ... with a lance of force
             ... on level 2 of the Abyss.
             The game lasted 00:00:36 (110 turns).

meatgazer the Skirmisher (Demonspawn Abyssal Knight) Turns: 110, Time: 00:00:37

Health: -15/18     AC:  3    Str: 13    XL:     1   Next: 0%
Magic:  2/2        EV: 15    Int: 11    God:    Lugonu [*.....]
Gold:   0          SH:  0    Dex: 13    Spells: 0/0 levels left

rFire   . . .      SeeInvis .   a - +1 falchion
rCold   . . .      Faith    .   (no shield)
rNeg    . . .      Spirit   .   b - +0 leather armour
rPois   .          Reflect  .   (no helmet)
rElec   .          Harm     .   (no cloak)
rCorr   .          Rampage  .   (no gloves)
Will    .....                   (no boots)
Stlth   +.........              (no amulet)
HPRegen 0.06/turn               e - +4 ring of evasion
MPRegen 0.08/turn               (no ring)

@: no status effects
A: [low mp 2]
a: Renounce Religion, Depart the Abyss


You were on level 2 of the Abyss.
You worshipped Lugonu.
Lugonu was aware of your devotion.
You visited 0 branches of the dungeon, and saw 0 of its levels.
You visited the Abyss 1 time.

Inventory:

Hand Weapons
 a - a +1 falchion (weapon)
Armour
 b - a +0 leather armour (worn)
 f - a +0 cloak
Jewellery
 e - a +4 ring of evasion (left hand)
Wands
 c - a wand of paralysis (6)
Potions
 d - a potion of magic


   Skills:
 + Level 3.0 Fighting
 + Level 1.7 Long Blades
 + Level 1.7 Armour
 + Level 0.8 Dodging
 + Level 2.4 Invocations


You couldn't memorise any spells.
You didn't know any spells.
Your spell library was empty.

Dungeon Overview and Level Annotations

Branches:
Dungeon (0/15)

Altars:


Innate Abilities, Weirdness & Mutations

[Your magical capacity is very low. (-20% MP)]


Message History

It is a scroll of identify.
d - a potion of magic
Found 23 arrows.
A lurking horror comes into view.
Found a gilded ring.
You hit the lurking horror.
Your body is wracked with pain!
c - a wand of paralysis (7)
e - a +4 ring of evasion You start resting.
An ancient zyme comes into view.
You feel yourself growing ill in the presence of the ancient zyme.
e - a +4 ring of evasion (left hand)
Found 21 stones.
Found a wooden wand.
Found a cloak.
A sky beast comes into view.
Aiming: Paralyse
Press: ? - help, Shift-Dir - straight line, f - dire elephant skeleton
Aim: a dire elephant skeleton (translocational energy, chance to affect: 46%)
The dire elephant skeleton resists with some effort.
Unknown command.
The sky beast flickers out of sight!
Deactivating autopickup; reactivate with Ctrl-A.
A wretched star comes into view.
A sky beast appears from thin air!
Reactivating autopickup.
You see here a +0 cloak.
f - a +0 cloak A small abomination comes into view.
The sky beast flickers out of sight!
Deactivating autopickup; reactivate with Ctrl-A.
The wretched star pulses with an eldritch light!
You feel less energetic. x2
Found a gateway leading deeper into the Abyss.
The dire elephant skeleton tramples you.
You hold your ground!
The wretched star glows turbulently.
The lance of force hits you!!
Ouch! That really hurt!
You die...

##...## .#.....
...x.x >... .. ...
.## #.# ##*## #..#.
...###...###.....
.#.....#.....#......
............@.......
#.....#...Z.#....#.
#... ##...## ..## #
##.## ##.## ..# .##
. .###...## ... ..#
....#.....#......
... . ............ .
.. .....#.....#....
##. ### .. ##..#


You could see a wretched star and a dire elephant skeleton.

Vanquished Creatures
  A lurking horror (Abyss:2)
1 creature vanquished.

Notes
Turn   | Place    | Note
-------+----------+-------------------------------------------
     0 | Abyss:1  | meatgazer the Demonspawn Abyssal Knight began the quest for
                  | the Orb.
     0 | Abyss:1  | Reached XP level 1. HP: 18/18 MP: 2/2
    80 | Abyss:2  | Noticed an ancient zyme
    91 | Abyss:2  | Noticed a starcursed mass
    98 | Abyss:2  | Noticed a dire elephant skeleton
    98 | Abyss:2  | Noticed a sky beast
   106 | Abyss:2  | Noticed a wretched star
   108 | Abyss:2  | Noticed a small abomination
   110 | Abyss:2  | Killed from afar by a wretched star

Illustrated notes

Levels and vault maps discovered:
Abyss:2:  base: Temple, hangedman_abyss_or_decor_stagger

Action                   || total
-------------------------++-------
Melee: Falchion          ||     1
Evoke: Wand              ||     1
  Use: Scroll            ||     1

Table legend: (Time is in decaauts)
 A = Elapsed time spent in this place.
 B = Non-inter-level travel time spent in this place.
 C = Inter-level travel time spent in this place.
 D = Time resting spent in this place.
 E = Time spent auto-exploring this place.
 F = Levels seen in this place.
 G = Mean time per level.
                   A        B        C        D        E       F      G
               +--------+--------+--------+--------+--------+-----+--------+
         Total |    109 |    109 |      0 |     40 |     21 |   2 |   54.5 |
         Abyss |    109 |    109 |      0 |     40 |     21 |   2 |   54.5 |
               +--------+--------+--------+--------+--------+-----+--------+

Top non-repeatable levels by time:
 Abyss:2: 104 daAuts
 Abyss:1: 5 daAuts
